 Dungeon Crawl Stone Soup version 0.27.1-1-g398f81649c (webtiles) character file.

Game seed: 7399422655664341558

46333 Shutri the Bludgeoner (level 14, -1/195 HPs)
             Began as a Troll Berserker on Sept 11, 2021.
             Was the Champion of Trog.
             Drowned by a quicksilver ooze (3 damage)
             ... in an ice cave.
             The game lasted 01:09:27 (15672 turns).

Shutri the Bludgeoner (Troll Berserker)            Turns: 15672, Time: 01:09:28

Health: -1/195     AC: 12    Str: 32    XL:     14   Next: 4%
Magic:  0/13       EV: 11    Int:  3    God:    Trog [******]
Gold:   794        SH: 20    Dex: 11    Spells: 13/13 levels left

rFire    . . .     SeeInvis .   s - +0 morningstar
rCold    + . .     Faith    .   V - +2 kite shield {rC+}
rNeg     . . .     Spirit   .   y - +0 acid dragon scales
rPois    +         Reflect  +   a - +1 hat of Daisies {rElec Dex+2}
rElec    +         Harm     .   i - +0 cloak {rPois}
rCorr    +         Rampage  .   (gloves unavailable)
Will     +++..                  (boots unavailable)
Stlth    ..........             h - amulet of reflection
HPRegen  1.42/turn              u - ring of willpower
MPRegen  0.13/turn              H - ring of willpower

@: berserking, engulfed (cannot breathe), very quick
A: large, unfitting armour, claws 3, regeneration 1, shaggy fur 1, tough skin 1
a: Renounce Religion, Berserk, Trog's Hand, Brothers in Arms


You were in an ice cave.
You worshipped Trog.
Trog was exalted by your worship.
You visited 2 branches of the dungeon, and saw 17 of its levels.
You also visited: Ice Cave.

You collected 893 gold pieces.
You spent 99 gold pieces at shops.

Inventory:

Hand Weapons
 q - a +1 giant club of flaming
 s - a +0 morningstar (weapon)
 x - a +0 giant spiked club
 Q - a +4 great mace of flaming
 U - a +1 antimagic great mace
Missiles
 d - 14 large rocks (quivered)
Armour
 a - the +1 hat of Daisies (worn) {rElec Dex+2}
   (You acquired it on level 7 of the Dungeon)

   Dex:       It affects your dexterity (+2).
   rElec:     It insulates you from electricity.
 e - a +1 kite shield of protection
 i - a +0 cloak of poison resistance (worn)
 t - +0 steam dragon scales
 y - +0 acid dragon scales (worn)
 V - a +2 kite shield of cold resistance (worn)
Jewellery
 h - an amulet of reflection (around neck)
 o - a ring of protection from fire
 u - a ring of willpower (left claw)
 w - a ring of magical power
 H - a ring of willpower (right claw)
 L - an amulet of faith
Wands
 m - a wand of iceblast (17)
 v - a wand of acid (21)
 z - a wand of paralysis (14)
 K - a wand of mindburst (28)
 O - a wand of digging (4)
 S - a wand of flame (8)
 T - a wand of charming (12)
Scrolls
 f - 4 scrolls of teleportation
 C - a scroll of magic mapping {unknown}
 F - 3 scrolls of enchant armour {unknown}
 I - 2 scrolls of immolation {unknown}
 P - 2 scrolls of enchant weapon
 R - a scroll of silence {unknown}
Potions
 b - 4 potions of magic
 c - a potion of haste
 g - 6 potions of curing
 j - 2 potions of flight
 k - 3 potions of heal wounds
 l - 2 potions of cancellation
 p - 2 potions of berserk rage
 r - 2 potions of ambrosia
 B - a potion of might
 E - 4 potions of attraction
 G - 2 potions of invisibility
 J - 2 potions of lignification
Miscellaneous
 n - a tin of tremorstones (2/2)
 A - a piece from Xom's chessboard (15/15)
 M - a phial of floods
 N - a condenser vane


   Skills:
 - Level 6.0 Fighting
 - Level 16.0 Maces & Flails
 - Level 5.0 Throwing
 + Level 8.2 Armour
 - Level 5.0 Dodging
 - Level 11.0 Shields


You had 13 spell levels left.
You didn't know any spells.
Your spell library contained the following spells:

 Spells                   Type           Power      Damage    Failure   Level
 Beastly Appendage        Tmut           0%         N/A       56%         1
 Sandblast                Erth           0%         2d4       56%         1
 Ensorcelled Hibernation  Hex/Ice        0%         N/A       71%         2
 Passwall                 Tmut/Erth      0%         N/A       71%         2
 Wereblood                Tmut           0%         N/A       71%         2
 Call Canine Familiar     Summ           0%         N/A       91%         3
 Frozen Ramparts          Ice            0%         1d2       91%         3
 Ozocubu's Armour         Ice            0%         N/A       91%         3
 Portal Projectile        Hex/Tloc       0%         N/A       91%         3
 Spider Form              Tmut/Pois      0%         N/A       91%         3
 Swiftness                Air            0%         N/A       91%         3
 Animate Dead             Necr           0%         N/A       100%        4
 Ice Form                 Ice/Tmut       0%         N/A       100%        4
 Leda's Liquefaction      Hex/Erth       0%         N/A       100%        4
 Summon Ice Beast         Ice/Summ       0%         N/A       100%        4
 Blade Hands              Tmut           0%         N/A       100%        5
 Borgnjor's Vile Clutch   Necr/Erth      0%         N/A       100%        5
 Excruciating Wounds      Necr           0%         N/A       100%        5
 Lee's Rapid Deconstruct  Erth           0%         3d5*      100%        5
 Metabolic Englaciation   Hex/Ice        0%         N/A       100%        5
 Death Channel            Necr           0%         N/A       100%        6
 Invisibility             Hex            0%         N/A       100%        6
 Shadow Creatures         Summ           N/A        N/A       100%        6
 Simulacrum               Ice/Necr       0%         N/A       100%        6


Dungeon Overview and Level Annotations

Branches:
Dungeon (13/15)            Temple (0/1) D:4            Lair (4/6) D:8
    Orc (0/2) D:9           IceCv (1/1)
  Swamp: Lair:2-4    Shoals: Lair:2-4     Snake: Lair:2-4    Spider: Lair:2-4
 Vaults: D:13-14

Altars:
Cheibriados
Elyvilon
Fedhas
Kikubaaqudgha
Makhleb
Ru
Trog
Uskayaw
Vehumet
Zin

Shops:
D:4 (   D:7 **   D:8 *


Innate Abilities, Weirdness & Mutations

You are too large for most types of armour.
You have claws for hands.
Your natural rate of healing is unusually fast.
You are covered in fur. (AC +1)
You have tough skin. (AC +1)


Message History

You block the quicksilver ooze's attack.
The quicksilver ooze hits you.
* * * LOW HITPOINT WARNING * * *
You feel your power leaking away. The slime creature hits you!
* * * LOW HITPOINT WARNING * * *
You hit the quicksilver ooze.
The quicksilver ooze is moderately wounded.
The quicksilver ooze hits you.
* * * LOW HITPOINT WARNING * * *
The quicksilver ooze engulfs you!
You block the quicksilver ooze's attack.
You hit the quicksilver ooze.
The quicksilver ooze is moderately wounded.
* * * LOW HITPOINT WARNING * * *
Your lungs strain for air!
You block the slime creature's attack.
You bludgeon the quicksilver ooze!!
The quicksilver ooze is severely wounded.
* * * LOW HITPOINT WARNING * * *
Your lungs strain for air!
You block the quicksilver ooze's attack.
The quicksilver ooze barely misses you.
You closely miss the quicksilver ooze.
The quicksilver ooze is severely wounded.
* * * LOW HITPOINT WARNING * * *
Your lungs strain for air!
You block the quicksilver ooze's attack. x2
The slime creature hits you!
* * * LOW HITPOINT WARNING * * *
You miss the quicksilver ooze.
The quicksilver ooze is severely wounded.
* * * LOW HITPOINT WARNING * * *
Your lungs strain for air!
The quicksilver ooze hits you!!
* * * LOW HITPOINT WARNING * * *
You block the quicksilver ooze's attack.
You thump the quicksilver ooze!
The quicksilver ooze is almost dead.
You die...

##..#..#.......#
#..##.##...#...# ###
#..#..##..##J..#
##.####.##..##..###..#
#...##..#...#..## #..##
#∩∩.....#..##..# ##..#
#...##..#..##..## #..#
##.####.##..#.JJ# #..#
### #..#..##.@####..#
#..##..#....##..#
##.##..##.......##...
.# #..#...#...##...#J..
.# #..##([##..##...##J#
..#
##..##.##..##....#.#
..#
#...#.##..##....#.#...#
##....#...###...#.#...#
##.......# ##.......#


You could see a slime creature and a quicksilver ooze.

Vanquished Creatures
  A quicksilver ooze (IceCv)
  3 boulder beetles
  2 hydras
  5 two-headed ogres
  6 death yaks (Lair:3)
  2 ugly things
  2 cyclopes
  A manticore (D:11)
  6 elephants
  3 black mambas
  An ice statue (IceCv)
  9 cane toads
  2 gargoyles (D:12)
  2 rime drakes
  Maggie (Lair:1)
  5 komodo dragons
  3 entropy weaver simulacra (IceCv)
  2 hornets
  2 polar bears
  A troll (D:12)
  13 blink frogs
  16 slime creatures
  Sigmund (D:6)
  2 wraiths
  3 wyverns
  A shadow (D:11)
  Eustachio (D:6)
  41 yaks
  Grum (D:11)
  5 vampire mosquitoes (D:13)
  3 basilisks
  2 steam dragons
  2 death yak simulacra (Lair:4)
  A swamp worm (Lair:2)
  2 nagas (Lair:2)
  2 acid dragons
  2 demonic crawler simulacra (IceCv)
  11 water moccasins
  A sky beast (D:7)
  6 orc warriors
  3 black bears
  An ice beast (D:5)
  A necrophage (D:7)
  6 centaurs
  7 wolves
  2 ogres (D:6)
  A phantom (D:7)
  3 kobold brigands
  A gnoll sergeant (D:13)
  12 bullfrogs
  2 scorpions
  A cane toad simulacrum (Lair:4)
  A water moccasin zombie (D:5)
  2 wyvern skeletons (D:7)
  2 howler monkeys (D:12)
  A crimson imp (D:4)
  A bullfrog zombie (D:5)
  4 centaur zombies
  6 hounds
  7 orc priests
  Crazy Yiuf (D:2)
  2 gnoll shamans
  2 iguanas
  12 orc wizards
  A polar bear simulacrum (Lair:4)
  A wolf simulacrum (Lair:4)
  2 killer bee zombies
  A hound skeleton (D:7)
  12 gnolls
  2 adders (D:5)
  A shadow imp (D:5)
  4 white imps
  3 ufetubi
  2 worms
  35 orcs
  8 ball pythons
  3 bats (D:2)
  5 endoplasms
  A giant cockroach (D:2)
  5 goblins
  3 hobgoblins
  4 jackals
  6 quokkas
  5 frilled lizards
  22 kobolds
  10 rats
  A bush (Lair:3)
393 creatures vanquished.

Vanquished Creatures (collateral kills)
  A quicksilver ooze (IceCv)
1 creature vanquished.

Vanquished Creatures (others)
  Sonja (D:13)
  A wizard (D:11)
  An ugly thing simulacrum (IceCv)
  14 fungi
  28 plants
  A withered plant (D:3)
46 creatures vanquished.

Grand Total: 440 creatures vanquished

Notes
Turn   | Place    | Note
-------+----------+-------------------------------------------
     0 | D:1      | Shutri the Troll Berserker began the quest for the Orb.
     0 | D:1      | Reached XP level 1. HP: 22/22 MP: 0/0
    85 | D:1      | Reached skill level 3 in Maces & Flails
   102 | D:1      | Reached XP level 2. HP: 29/29 MP: 1/1
   684 | D:1      | Reached ** piety under Trog
   853 | D:2      | Reached XP level 3. HP: 36/36 MP: 2/2
  1214 | D:2      | Reached skill level 4 in Maces & Flails
  1604 | D:2      | Found a runed translucent door.
  1605 | D:2      | Noticed Crazy Yiuf
  1614 | D:2      | Killed Crazy Yiuf
  1615 | D:2      | Reached XP level 4. HP: 15/44 MP: 3/3
  1777 | D:3      | Found a faded altar of an unknown god.
  1820 | D:3      | Found a radiant altar of Vehumet.
  1826 | D:3      | Found a sacrificial altar of Ru.
  1827 | D:3      | Found a white marble altar of Elyvilon.
  1828 | D:3      | Found an ancient bone altar of Kikubaaqudgha.
  1891 | D:3      | Reached skill level 5 in Maces & Flails
  2288 | D:3      | Found a blossoming altar of Fedhas.
  2502 | D:4      | Found a staircase to the Ecumenical Temple.
  2587 | D:4      | Noticed a scorpion
  2593 | D:4      | Reached XP level 5. HP: 50/50 MP: 4/4
  2618 | D:4      | Reached *** piety under Trog
  2725 | D:4      | Reached skill level 6 in Maces & Flails
  2777 | D:4      | Noticed a black bear
  2786 | D:4      | Killed a black bear
  2787 | D:4      | Reached XP level 6. HP: 49/59 MP: 5/5
  2820 | D:4      | Found Qaireczi's Weapon Boutique.
  2899 | D:4      | Found a snail-covered altar of Cheibriados.
  3110 | D:5      | Entered Level 5 of the Dungeon
  3136 | D:5      | Reached skill level 7 in Maces & Flails
  3138 | D:5      | Found a large runed translucent door.
  3138 | D:5      | Noticed a wraith
  3139 | D:5      | Found a large runed translucent door.
  3139 | D:5      | Found a large runed translucent door.
  3151 | D:5      | Found a large runed translucent door.
  3192 | D:7      | Found Zin's Purification Station.
  3192 | D:7      | Found a glowing silver altar of Zin.
  3204 | D:7      | Reached XP level 7. HP: 52/66 MP: 6/6
  3406 | D:5      | Reached skill level 8 in Maces & Flails
  3670 | D:5      | Noticed a yak
  3670 | D:5      | Noticed a yak
  3670 | D:5      | Noticed a yak
  3671 | D:5      | Noticed a yak
  3689 | D:5      | Killed a yak
  3696 | D:5      | Killed a yak
  3697 | D:5      | Reached skill level 9 in Maces & Flails
  3697 | D:5      | Reached XP level 8. HP: 74/74 MP: 7/7
  3710 | D:5      | Reached skill level 10 in Maces & Flails
  3804 | D:5      | Noticed a two-headed ogre
  3851 | D:5      | Killed a two-headed ogre
  3852 | D:5      | Reached skill level 11 in Maces & Flails
  3852 | D:5      | Reached XP level 9. HP: 45/80 MP: 8/8
  4424 | D:5      | Reached skill level 12 in Maces & Flails
  4630 | D:6      | Reached **** piety under Trog
  4631 | D:6      | Noticed Eustachio
  4714 | D:6      | Killed Eustachio
  4757 | D:6      | Noticed Sigmund
  4785 | D:6      | Killed Sigmund
  4960 | D:6      | Reached skill level 13 in Maces & Flails
  4963 | D:6      | Reached XP level 10. HP: 82/88 MP: 9/9
  5224 | D:7      | Found Taatao's Assorted Antiques.
  5234 | D:7      | Bought 3 scrolls labelled TOZ ATACIOWE for 99 gold pieces
  5235 | D:7      | Acquired the +1 hat of Daisies {rElec Dex+2}
  5242 | D:7      | Acquired a +1 kite shield of protection
  5244 | D:7      | Acquired a manual of Shields
  5281 | D:7      | Reached skill level 1 in Shields
  5654 | D:7      | Found a burning altar of Makhleb.
  5732 | D:8      | Found Fukhao's Assorted Antiques.
  5750 | D:7      | Reached skill level 5 in Shields
  5820 | D:8      | Found a bloodstained altar of Trog.
  6004 | D:8      | Reached ***** piety under Trog
  6053 | D:8      | Found a staircase to the Lair.
  6402 | D:9      | Identified the +8 hand axe of Lust {speed, rF+ Int+5 Dex-4}
  6410 | D:9      | Found a hide-covered altar of Uskayaw.
  6492 | D:9      | Noticed a two-headed ogre
  6505 | D:9      | Killed a two-headed ogre
  6935 | D:9      | Found a staircase to the Orcish Mines.
  7154 | D:10     | Entered Level 10 of the Dungeon
  7354 | D:10     | Reached skill level 10 in Shields
  7366 | D:10     | Reached XP level 11. HP: 89/94 MP: 10/10
  8135 | D:11     | Noticed a two-headed ogre
  8148 | D:11     | Killed a two-headed ogre
  8149 | D:11     | Reached skill level 1 in Armour
  8558 | D:11     | Noticed a wizard
  8562 | D:11     | Noticed Grum
  8615 | D:11     | Killed a wizard
  8710 | D:11     | Killed Grum
  8744 | D:11     | Noticed a cyan ugly thing
  8758 | D:11     | Killed a cyan ugly thing
  9197 | D:12     | Noticed a two-headed ogre
  9205 | D:12     | Killed a two-headed ogre
  9400 | D:12     | Noticed a cyan ugly thing
  9410 | D:12     | Killed a cyan ugly thing
  9625 | D:12     | Noticed a boulder beetle
  9833 | D:13     | Noticed a six-headed hydra
  9846 | D:13     | Killed a six-headed hydra
  9847 | D:13     | Reached skill level 5 in Fighting
  9847 | D:13     | Reached XP level 12. HP: 110/111 MP: 11/11
  9961 | D:13     | Noticed a boulder beetle
  9982 | D:13     | Killed a boulder beetle
  9983 | D:13     | Reached skill level 5 in Armour
 10045 | D:13     | Noticed Sonja
 10075 | D:13     | Killed Sonja
 10076 | D:13     | Reached skill level 5 in Dodging
 10715 | D:12     | Reached skill level 14 in Maces & Flails
 10775 | D:12     | Noticed a two-headed ogre
 10792 | D:12     | Killed a two-headed ogre
 11107 | D:12     | Killed a boulder beetle
 11349 | Lair:1   | Entered Level 1 of the Lair of Beasts
 11470 | Lair:1   | Noticed Maggie
 11492 | Lair:1   | Killed Maggie
 11613 | Lair:1   | Reached skill level 15 in Maces & Flails
 12460 | Lair:2   | Received a gift from Trog
 12482 | Lair:2   | Reached XP level 13. HP: 118/118 MP: 12/12
 12901 | Lair:2   | Reached skill level 1 in Throwing
 13173 | Lair:3   | Reached skill level 16 in Maces & Flails
 13572 | Lair:3   | Reached skill level 5 in Throwing
 14978 | Lair:4   | Found a bloodstained altar of Trog.
 15053 | Lair:4   | Found a frozen archway.
 15098 | Lair:4   | Received a gift from Trog
 15105 | IceCv    | Entered an ice cave
 15146 | IceCv    | Noticed a quicksilver ooze
 15151 | IceCv    | Killed a quicksilver ooze
 15215 | IceCv    | Noticed a quicksilver ooze
 15221 | IceCv    | Killed a quicksilver ooze
 15413 | IceCv    | Reached XP level 14. HP: 116/130 MP: 13/13
 15434 | IceCv    | Reached ****** piety under Trog
 15626 | IceCv    | Noticed a quicksilver ooze
 15671 | IceCv    | HP: 2/195 [quicksilver ooze (19)]
 15672 | IceCv    | Drowned by a quicksilver ooze

Illustrated notes

Levels and vault maps discovered:
D:1:      dpeg_arrival_brainrot, layout_rooms, serial_forest,
          infiniplex_forest_lined_3, infiniplex_forest_straight_2,
          infiniplex_forest_straight_4, infiniplex_forest_zigzag_1,
          infiniplex_forest_straight_2, infiniplex_forest_join,
          skrybe_limestone_x
D:2:      layout_loops_ring, uniq_crazy_yiuf_cottage
D:3:      layout_basic, mainiacjoe_overflow_boulevard,
          mainiacjoe_overflow_alcove_3, shapermc_ecumenical_altar_flowoftime,
          minmay_cupped
D:4:      layout_cave_pools, marbit_many_paths,
          minmay_temple_entry_statues_fountains, serial_shops, shop,
          minmay_fire_ice_demons
D:5:      layout_basic, minmay_hollow_rounded_squares
D:6:      layout_rooms, uniq_eustachio, uniq_sigmund
D:7:      layout_rooms, makhleb_blood_cavern_becter, zin_purify, serial_shops,
          nicolae_shop_crystal
D:8:      layout_cave_pools, bloody_trog, david_lair_generic, serial_shops, shop
D:9:      layout_roguey, nicolae_uskayaw_dance_studio, orc_0_dummy
D:10:     layout_irregular_city
D:11:     layout_long_grid, uniq_grum
D:12:     layout_basic
D:13:     layout_rooms, uniq_sonja
Lair:1:   layout_misc_corridors, gauntlet_entry_generic, uniq_maggie
Lair:2:   layout_cave_pods, palyth_hydra_swamp_entry,
          minmay_snake_entry_guardpost_medium, gammafunk_ghost_cemetery,
          minmay_shattered_shrine
Lair:3:   layout_regular_city, wad_woods_road_01, serial_bayou_shore_b
Lair:4:   layout_small_grid, portal_ice_cave_entry_ice_simulacra, basic_altar,
          serial_bayou_lake_a, serial_bayou_shore_a, lemuel_fruit_fields
IceCv:    ice_cave_hellmonk_azure_passage

Skill      XL: |  1  2  3  4  5  6  7  8  9 10 11 12 13 14 |
---------------+-------------------------------------------+-----
Maces & Flails | 3 4 5 6 7 9 11 13 15 16 | 16.0
Shields        | 10 11 | 11.0
Armour         | 4 5 7 8 |  8.2
Fighting       | 5 6 |  6.0
Dodging        | 4 5 |  5.0
Throwing       | 5 |  5.0

Action                   |  1- 3 |  4- 6 |  7- 9 | 10-12 | 13-15 || total
-------------------------+-------+-------+-------+-------+-------++-------
Melee: Mace              |   130 |    74 |       |       |       ||   204
       Flail             |       |    82 |    41 |       |       ||   123
       Morningstar       |       |       |    27 |  1037 |   607 ||  1671
       Giant club        |       |       |   177 |    19 |       ||   196
Throw: Large rock        |       |       |       |     3 |     1 ||     4
Invok: Berserk           |     1 |     1 |     6 |     9 |     2 ||    19
Evoke: Wand              |       |       |       |       |     2 ||     2
  Use: Scroll            |       |       |       |    19 |     9 ||    28
Armor: Animal skin       |    52 |    59 |    22 |       |       ||   133
       Steam dragon scal |       |       |    33 |    89 |       ||   122
       Acid dragon scale |       |       |       |   153 |   100 ||   253
Dodge: Dodged            |    81 |    89 |    92 |   190 |   120 ||   572
Block: Other             |       |    43 |    38 |     1 |       ||    82
       Reflection        |       |     3 |     1 |    16 |     3 ||    23
       Kite shield       |       |       |       |   715 |   426 ||  1141
